 Dungeon Crawl Stone Soup version 0.29.1-2-gbd0b4ee654 (webtiles) character file.

Game seed: 8528253078304036308

187 MisterFreud the Sneak (level 5, 0/24 HPs)
             Began as a Felid Berserker on Oct 27, 2022.
             Was a Believer of Trog.
             Slain by a jackal (1 damage)
             ... on level 4 of the Dungeon.
             The game lasted 00:04:17 (4443 turns).

MisterFreud the Sneak (Felid Berserker)             Turns: 4443, Time: 00:04:18

Health: 0/24       AC:  2    Str: 15    XL:     5   Next: 39%
Magic:  6/6        EV: 18    Int:  8    God:    Trog [**....]
Gold:   207        SH:  0    Dex: 16    Spells: 4/4 levels left
                                        Lives:  0   Deaths: 1

rFire   . . .      SeeInvis +     - Unarmed
rCold   . . .      Faith    .   (shield unavailable)
rNeg    . . .      Spirit   .   (body armour unavailable)
rPois   .          Reflect  .   (helmet unavailable)
rElec   .          Harm     .   (cloak unavailable)
rCorr   .          Rampage  .   (gloves unavailable)
Will    .....                   (boots unavailable)
Stlth   +++.......              (no amulet)
HPRegen 0.08/turn               (no ring)
MPRegen 0.10/turn               (no ring)

@: quick
A: very small, claws 1, fangs 3, see invisible, speed 1, shaggy fur 2, stealthy
paws, no weapons or thrown items, no armour, multi-lived
a: Renounce Religion, Berserk, Trog's Hand


You were on level 4 of the Dungeon.
You worshipped Trog.
Trog was pleased with you.
You visited 1 branch of the dungeon, and saw 4 of its levels.

You collected 207 gold pieces.

Inventory:

Scrolls
 c - a scroll of identify
Potions
 a - a potion of attraction {unknown}
 b - 2 potions of mutation
 d - a potion of invisibility
 e - 2 potions of curing
 f - 2 potions of might


   Skills:
 - Level 3.0 Fighting
 - Level 4.0 Dodging
 - Level 6.0 Stealth
 + Level 5.8 Unarmed Combat


You had 4 spell levels left.
You didn't know any spells.
Your spell library was empty.

Dungeon Overview and Level Annotations

Branches:
Dungeon (4/15)
 Temple: D:4-7

Altars:
Cheibriados
Fedhas
Makhleb
Yredelemnul


Innate Abilities, Weirdness & Mutations

You have sharp claws.
You have razor-sharp teeth.
You have supernaturally acute eyesight. (SInv)
You cover ground quickly. (Speed+)
You are covered in thick fur. (AC +2)
Your paws help you pounce on unaware monsters.
You are incapable of wielding weapons or throwing items.
You cannot wear armour.
You gain extra lives every three experience levels.


Message History

A giant cockroach comes into view.
The iguana closely misses you.
You barely miss the iguana. You bite the iguana.
The iguana is moderately wounded.
You scratch the iguana.
The iguana is heavily wounded.
The iguana completely misses you.
You scratch the iguana.
The iguana is severely wounded.
The iguana barely misses you. The jackal closely misses you.
Okay, then.
You scratch the iguana.
The iguana is almost dead.
The jackal bites you but does no damage.
The iguana closely misses you.
You scratch the iguana but do no damage.
Your bite misses the iguana.
The iguana is almost dead.
The jackal bites you but does no damage.
The iguana bites you. The jackal closely misses you.
You closely miss the iguana. Your bite misses the iguana.
The iguana is almost dead.
The jackal misses you. The giant cockroach barely misses you.
The iguana bites you! The jackal closely misses you.
The jackal completely misses you.
You closely miss the iguana.
The iguana is almost dead.
The giant cockroach bites you.
The jackal bites you but does no damage.
The jackal barely misses you. The iguana barely misses you.
You barely miss the iguana.
The iguana is almost dead.
The jackal bites you. The giant cockroach barely misses you.
The jackal misses you. The iguana bites you!
Ouch! That really hurt!
* * * LOW HITPOINT WARNING * * *
The giant cockroach closely misses you.
Unknown command.
The jackal attacks as you move away! The jackal bites you.
You die...

.# .# ####....
.## ##.#....#
..# .##>......#
# ..........##
.# #..........#
....
.....?!...###
......
..........#.##
#...#
......lh@.$..#
......
..#.##.B.....##
...##.
##.h..#...#
....#
#........##
....##.
.....#....#
.......
....###....#
.......
#.#....#....##
.......
###..........#
†......
....<.....#


You could see an iguana, 2 jackals and a giant cockroach.

Vanquished Creatures
  A gnoll bouda (D:2)
  2 orc priests (D:3)
  2 hounds (D:4)
  Jessica (D:2)
  An iguana (D:4)
  4 gnolls
  3 adders
  A dart slug (D:1)
  6 orcs (D:3)
  4 ball pythons
  7 bats
  6 endoplasms
  6 giant cockroaches
  14 goblins
  6 hobgoblins
  8 quokkas
  4 frilled lizards
  7 kobolds
  14 rats
97 creatures vanquished.

Vanquished Creatures (others)
  12 plants (D:3)
12 creatures vanquished.

Grand Total: 109 creatures vanquished

Notes
Turn   | Place    | Note
-------+----------+-------------------------------------------
     0 | D:1      | MisterFreud the Felid Berserker began the quest for the
                  | Orb.
     0 | D:1      | Reached XP level 1. HP: 10/10 MP: 2/2
    59 | D:1      | Reached skill level 1 in Stealth
   383 | D:1      | Reached XP level 2. HP: 11/14 MP: 3/3
   558 | D:1      | Reached skill level 2 in Stealth
   760 | D:1      | Reached XP level 3. HP: 17/17 MP: 4/4
   876 | D:1      | Reached skill level 3 in Stealth
  1180 | D:1      | Found a faded altar of an unknown god.
  1388 | D:2      | Reached ** piety under Trog
  1862 | D:2      | Reached XP level 4. HP: 12/21 MP: 5/5
  2194 | D:2      | Reached skill level 4 in Stealth
  2205 | D:2      | Noticed Jessica
  2213 | D:2      | Killed Jessica
  3029 | D:2      | Reached XP level 5. HP: 16/24 MP: 6/6
  3195 | D:3      | Reached skill level 5 in Stealth
  3536 | D:3      | Reached skill level 5 in Unarmed Combat
  3826 | D:3      | Found a snail-covered altar of Cheibriados.
  3828 | D:3      | Found a basalt altar of Yredelemnul.
  3828 | D:3      | Found a burning altar of Makhleb.
  3830 | D:3      | Found a blossoming altar of Fedhas.
  3900 | D:3      | Reached skill level 6 in Stealth
  3900 | D:3      | Gained mutation: You are covered in thick fur. (AC +2)
                  | [Felid growth]
  3900 | D:3      | Reached XP level 6. HP: 18/28 MP: 7/7
  4032 | D:3      | Identified the +3 ring mail of Fortitude {Dex+4 SInv}
  4412 | D:4      | Noticed a steam dragon
  4422 | D:4      | Killed from afar by a steam dragon
  4423 | D:4      | Reached XP level 5. HP: -6/36 MP: 6/6
  4441 | D:4      | HP: 1/24 [iguana (12)]
  4443 | D:4      | Slain by a jackal

Illustrated notes

Levels and vault maps discovered:
D:1:      shiori_arrival_elements, layout_basic,
          hellmonk_ecumenical_altar_inner_sanctum
D:2:      minmay_evil_eye, layout_loops_ring, uniq_jessica
D:3:      layout_rooms, grunt_temple_overflow_open, nicolae_grassy_gnolls
D:4:      minmay_goblin_kobold_castle, layout_cave_pools

Skill      XL: |  1  2  3  4  5 |
---------------+----------------+-----
Stealth        | 1 2 3 4 6 |  6.0
Unarmed Combat | 4 5 |  5.8
Fighting       | |  3.0
Dodging        | |  4.0

Action                   |  1- 3 |  4- 6 || total
-------------------------+-------+-------++-------
Melee: Unarmed           |    88 |   138 ||   226
       Bite              |     6 |     7 ||    13
       Punch             |     2 |     3 ||     5
Invok: Berserk           |     1 |     5 ||     6
  Use: Scroll            |     1 |     7 ||     8
 Stab: Sleeping          |    12 |     4 ||    16
       Distracted        |     1 |     2 ||     3
Armor: Skin              |     2 |    10 ||    12
Dodge: Dodged            |    51 |   160 ||   211
